 Dungeon Crawl Stone Soup version 0.29.1-1-gd02db6906a (webtiles) character file.

Game seed: 7148718567061457977

32 CertainDeath the Insei (level 3, 0/26 HPs)
             Began as a Demonspawn Transmuter on Sept 20, 2022.
             Slain by an orc wizard
             ... wielding a +0 dagger
              (1 damage)
             ... on level 2 of the Dungeon.
             The game lasted 00:03:40 (1456 turns).

CertainDeath the Insei (Demonspawn Transmuter)      Turns: 1456, Time: 00:03:40

Health: 0/26       AC:  3    Str: 12    XL:     3   Next: 8%
Magic:  6/6        EV: 14    Int: 14    God:
Gold:   17         SH:  4    Dex: 13    Spells: 5/6 levels left

rFire   . . .      SeeInvis .     - Unarmed
rCold   . . .      Faith    .   (no shield)
rNeg    . . .      Spirit   .   i - +0 robe
rPois   .          Reflect  .   (no helmet)
rElec   .          Harm     .   (no cloak)
rCorr   .          Rampage  .   a - +0 pair of gloves
Will    .....                   (no boots)
Stlth   +.........              (no amulet)
HPRegen 0.08/turn               (no ring)
MPRegen 0.10/turn               (no ring)

@: no status effects
A: repulsion field 1, condensation shield
a: no special abilities


You were on level 2 of the Dungeon.
You visited 1 branch of the dungeon, and saw 3 of its levels.

You collected 17 gold pieces.

Inventory:

Missiles
 k - 3 curare-tipped darts
Armour
 a - a +0 pair of gloves (worn)
 i - a +0 robe (worn)
Scrolls
 c - a scroll of enchant weapon {unknown}
 f - 2 scrolls of identify {unknown}
 g - a scroll of poison {unknown}
Potions
 b - a potion of lignification
 d - a potion of brilliance {unknown}
 e - a potion of heal wounds {unknown}
 h - 2 potions of curing {unknown}
 j - a potion of berserk rage {unknown}
 l - a potion of flight {unknown}


   Skills:
 + Level 1.5 Fighting
 - Level 1.7 Dodging
 * Level 3.2 Unarmed Combat
 + Level 2.2 Spellcasting
 + Level 2.1 Transmutations


You had 5 spell levels left.
You knew the following spells:

 Your Spells              Type           Power      Damage    Failure   Level
a - Beastly Appendage     Tmut           14%        N/A       10%         1

Your spell library contained the following spells:

 Spells                   Type           Power      Damage    Failure   Level
 Wereblood                Tmut           7%         N/A       14%         2
 Passwall                 Tmut/Erth      3%         N/A       22%         2
 Sandblast                Erth           2%         2d4       24%         1
 Spider Form              Tmut/Pois      4%         N/A       41%         3
 Stone Arrow              Conj/Erth      2%         3d7       56%         3
 Ice Form                 Ice/Tmut       4%         N/A       83%         4


Dungeon Overview and Level Annotations

Branches:
Dungeon (3/15)

Altars:


Innate Abilities, Weirdness & Mutations

You are surrounded by a mild repulsion field. (EV +2)
A meltable shield of frost defends you. (SH +4)


Message History

The orc wizard hits you with a +0 dagger.
You bump into the rock wall.
The orc wizard hits you with a +0 dagger.
You hit the orc wizard but do no damage.
Your horns disappear.
Your talons disappear.
The orc wizard hits you with a +0 dagger.
Things that are here:
a +0 flail; an orc corpse You're too confused to move!
You feel less confused. The orc wizard misses you.
You hit the orc wizard but do no damage.
The orc wizard misses you.
You closely miss the orc wizard.
The orc wizard hits you with a +0 dagger.
* * * LOW HITPOINT WARNING * * *
You barely miss the orc wizard. You block the orc wizard's attack.
You hit the orc wizard but do no damage.
The orc wizard barely misses you.
You hit the orc wizard.
The orc wizard is lightly wounded.
The orc wizard hits you with a +0 dagger.
* * * LOW HITPOINT WARNING * * *
You barely miss the orc wizard.
The orc wizard is lightly wounded.
The orc wizard barely misses you.
You barely miss the orc wizard.
The orc wizard is lightly wounded.
The orc wizard hits you but does no damage.
You hit the orc wizard.
The orc wizard is moderately wounded.
The orc wizard hits you but does no damage.
You punch the orc wizard!
The orc wizard is severely wounded.
The orc wizard hits you with a +0 dagger.
* * * LOW HITPOINT WARNING * * *
You closely miss the orc wizard.
The orc wizard is severely wounded.
The orc wizard hits you with a +0 dagger.
You die...

#..#.## #..........#
#.#.##### #..#######.#
#.#.....# #..# #.#
#.#.###.# #..# #.#####
#.#.# #.####..# #......
#.#.# #.......# ###....
..#.# #######.####### #....
###.######.........>.##....
#......o@.†.....##.......
######.#.######..........
#.#.# .......... ..#.#
.##.##.... ####.# #. ####.
#.. # #. # ##. .. .# . ...
.# ##


You could see an orc wizard.

Vanquished Creatures
  A worm (D:2)
  An orc (D:2)
  3 ball pythons
  4 endoplasms (D:1)
  A giant cockroach (D:1)
  4 goblins
  A hobgoblin (D:1)
  3 kobolds (D:1)
  A quokka (D:1)
  3 bats
  2 frilled lizards (D:1)
  4 rats (D:1)
28 creatures vanquished.

Notes
Turn   | Place    | Note
-------+----------+-------------------------------------------
     0 | D:1      | CertainDeath the Demonspawn Transmuter began the quest for
                  | the Orb.
     0 | D:1      | Reached XP level 1. HP: 15/15 MP: 3/3
   343 | D:1      | Found a faded altar of an unknown god.
   357 | D:1      | Gained mutation: You are surrounded by a mild repulsion
                  | field. (EV +2) [demonic ancestry]
   357 | D:1      | Reached XP level 2. HP: 13/21 MP: 3/5
   483 | D:1      | Reached skill level 3 in Unarmed Combat
  1121 | D:1      | Gained mutation: A meltable shield of frost defends you.
                  | (SH +4) [demonic ancestry]
  1121 | D:1      | Reached XP level 3. HP: 26/26 MP: 6/6
  1455 | D:2      | HP: 1/26 [orc wizard/+0 dagger (4)]
  1456 | D:2      | Slain by an orc wizard

Illustrated notes

Levels and vault maps discovered:
D:1:      saegor_arrival_fortress, layout_basic, basic_ecumenical_altar,
          st_stairs_12
D:2:      layout_loops_ring, minmay_misc_feat_nine_boxes
D:3:      gammafunk_wand_slinger, layout_basic, nicolae_ru_sacrificial_ziggurat,
          nicolae_overflow_hidden_temple, serial_aquarium,
          aquarium_bridge_long_joined [aquarium_subvault_bridge,
          aquarium_subvault_window, aquarium_subvault_window,
          aquarium_subvault_wall, aquarium_subvault_bridge,
          aquarium_subvault_wall], aquarium_bridge_square
          [aquarium_subvault_wall, aquarium_subvault_balcony,
          aquarium_subvault_bridge, aquarium_subvault_balcony],
          aquarium_window_3, aquarium_window_corner, aquarium_view_2b,
          minmay_misc_feat_secret_circle, uniq_ijyb

Skill      XL: |  1  2 |
---------------+-------+-----
Unarmed Combat | 3 |  3.2
Transmutations | 2 |  2.1
Fighting       | |  1.5
Dodging        | |  1.7
Spellcasting   | |  2.2

Action                   || total
-------------------------++-------
Melee: Unarmed           ||   108
       Kick              ||     7
       Headbutt          ||     5
       Punch             ||     2
 Cast: Beastly Appendage ||     6
 Stab: Sleeping          ||     2
Armor: Robe              ||    27
Dodge: Dodged            ||    58
Block: Other             ||     4
